 Seeded DCSS version 0.30-a0-953-g5f1da4a474 (webtiles) character file.

Game seed: 2795554834527330743 (custom seed)

99830 mistaj the Fencer (level 15, -7/123 HPs)
             Began as a Demonspawn Gladiator on Mar 29, 2023.
             Was an Initiate of Gozag.
             Killed from afar by Azrael (22 damage)
             ... with a bolt of fire
             ... on level 14 of the Dungeon.
             The game lasted 00:46:13 (23150 turns).

mistaj the Fencer (Demonspawn Gladiator)           Turns: 23150, Time: 00:46:14

Health: -7/123     AC: 30    Str: 30    XL:     15   Next: 78%
Magic:  15/15      EV: 18    Int: 14    God:    Gozag
Gold:   7926       SH:  5    Dex: 21    Spells: 14/14 levels left

rFire   . . .      SeeInvis .    n - +8 triple sword "Gehesa" {venom, rElec rC+ Will- rCorr Str+3}
rCold   + . .      Faith    .    (shield currently unavailable)
rNeg    + + .      Spirit   .    k - +6 plate armour of Context {Rampage rN++ Str+4}
rPois   .          Reflect  +    p - +2 helmet
rElec   +          Rampage  +    q - +1 cloak of Fun and Games {Int+5 Dex+2}
rCorr   +                        a - +2 pair of gloves of the Sky {Dex+3 Stlth+}
Will    +....                    (boots unavailable) Stlth
                                 w - amulet of reflection
HPRegen 0.40/turn                o - +4 ring of slaying
MPRegen 0.14/turn                M - ring of Nicibaol {Will+ Str+2}

@: on fire, gold aura, glowing
A: hooves 3, repulsion field 2, ignite blood 3, spiny 2, corrupting presence 1
a: Renounce Religion, Potion Petition, Call Merchant, Bribe Branch


You were on level 14 of the Dungeon.
You worshipped Gozag.
Gozag was greatly pleased with you.
You visited 4 branches of the dungeon, and saw 22 of its levels.
You also visited: Volcano.

You collected 9236 gold pieces.
You spent 1243 gold pieces at shops.
You paid 67 gold pieces to Gozag.

Inventory:

Hand Weapons
 n - the +8 triple sword "Gehesa" (weapon) {venom, rElec rC+ Will- rCorr Str+3}
   (You bought it in a shop on level 2 of the Dungeon)

   Str:       It affects your strength (+3).
   rC:        It protects you from cold.
   rElec:     It insulates you from electricity.
   rCorr:     It protects you from acid and corrosion.
   Will:      It decreases your willpower.
 L - a +4 demon blade of pain
Missiles
 d - 4 throwing nets (quivered)
 e - a javelin
Armour
 a - the +2 pair of gloves of the Sky (worn) {Dex+3 Stlth+}
   (You found it on level 8 of the Dungeon)

   Dex:       It affects your dexterity (+3).
   Stlth:     It makes you more stealthy.
 k - the +6 plate armour of Context (worn) {Rampage rN++ Str+4}
   (You took it off an orc warrior on level 8 of the Dungeon)

   Str:       It affects your strength (+4).
   rN:        It greatly protects you from negative energy.
   Rampage:   It bestows one free step when moving towards enemies.
 p - a +2 helmet (worn)
 q - the +1 cloak of Fun and Games (worn) {Int+5 Dex+2}
   (You found it on level 8 of the Dungeon)

   Int:       It affects your intelligence (+5).
   Dex:       It affects your dexterity (+2).
 I - the +4 scale mail of Shadows and Fog {rPois Regen+ Dex+3}
   (You found it on level 3 of the Lair of Beasts)

   Dex:       It affects your dexterity (+3).
   rPois:     It protects you from poison.
   Regen:     It increases your rate of health regeneration.
 N - a +2 plate armour of fire resistance
Jewellery
 o - a +4 ring of slaying (left hand)
 w - an amulet of reflection (around neck)
 y - a ring of fire
 M - the ring of Nicibaol (right hand) {Will+ Str+2}
   (You found it on level 5 of the Lair of Beasts)

   [ring of willpower]

   Str:       It affects your strength (+2).
   Will:      It increases your willpower.
 O - a +5 ring of evasion
Wands
 l - a wand of flame (23)
 m - a wand of digging (13)
 x - a wand of charming (2)
 C - a wand of polymorph (7)
 D - a wand of roots (23)
 K - a wand of acid (26)
Scrolls
 c - 3 scrolls of enchant armour
 f - 12 scrolls of teleportation
 g - 3 scrolls of fear
 s - 2 scrolls of blinking
 t - 2 scrolls of identify
 P - a scroll of poison
Potions
 b - 5 potions of magic
 h - 2 potions of attraction
 i - 2 potions of berserk rage
 j - 5 potions of heal wounds
 r - 3 potions of lignification
 u - 10 potions of curing
 v - 2 potions of mutation
 z - 3 potions of resistance
 A - 2 potions of flight
 B - 3 potions of haste
 E - 4 potions of invisibility
 F - a potion of brilliance
 G - 2 potions of ambrosia
 J - a potion of might


   Skills:
 + Level 13.0 Fighting
 + Level 18.4 Long Blades
 - Level 1.7 Throwing
 - Level 10.4 Armour
 - Level 10.7 Dodging
 - Level 4.0 Shields


You had 14 spell levels left.
You didn't know any spells.
Your spell library contained the following spells:

 Spells                   Type           Power      Damage    Failure   Level
 Freeze                   Ice            0%         1d3       90%         1
 Summon Small Mammal      Summ           0%         N/A       90%         1
 Ensorcelled Hibernation  Hex/Ice        0%         N/A       97%         2
 Sublimation of Blood     Necr           0%         N/A       97%         2
 Call Canine Familiar     Summ           0%         N/A       99%         3
 Frozen Ramparts          Ice            0%         1d1       99%         3
 Hailstorm                Conj/Ice       0%         3d3       99%         3
 Spider Form              Tmut/Pois      0%         N/A       99%         3
 Summon Guardian Golem    Hex/Summ       0%         N/A       99%         3
 Anguish                  Hex/Necr       0%         N/A       100%        4
 Petrify                  Tmut/Erth      0%         N/A       100%        4
 Fireball                 Conj/Fire      0%         3d3       100%        5
 Irradiate                Conj/Tmut      0%         3d11      100%        5
 Iskenderun's Battlesphe  Conj           0%         2d6       100%        5
 Yara's Violent Unravell  Hex/Tmut       0%         3d3       100%        5
 Conjure Ball Lightning   Conj/Air       0%         3x3d6     100%        6
 Enfeeble                 Hex            0%         N/A       100%        7
 Orb of Destruction       Conj           0%         9d5       100%        7


Dungeon Overview and Level Annotations

Branches:
Dungeon (14/15)            Temple (1/1) D:5            Lair (5/5) D:8
  Swamp (0/4) Lair:2       Spider (0/4) Lair:3        Slime (0/5) Lair:4
    Orc (2/2) D:10            Elf (0/3) Orc:2        Vaults (0/5) D:13
Volcano (visited)

Altars:
Ashenzari
Cheibriados
Fedhas
Gozag
Hepliaklqana
Kikubaaqudgha
Makhleb
Okawaru
Qazlal
Ru
Sif Muna
Uskayaw
Vehumet
Wu Jian
Xom
Yredelemnul
Jiyva

Shops:
D:1 (   D:2 ::[(*   D:7 *   D:12 [   D:13 ![=   Orc:2 **=[

Portals:
Trove: D:10 (give 14 scrolls of teleportation)

Annotations:
D:14 Azrael
Lair:4 3 runed translucent doors, bigduke15's ghost, journeyman TeAE


Innate Abilities, Weirdness & Mutations

You have hooves in place of feet.
You are surrounded by a moderate repulsion field. (EV +3)
Your demonic aura causes all spilled blood to erupt in flames.
You are mostly covered in sharp spines.
Your presence sometimes corrodes those you injure.


Message History

Azrael gestures at you. The bolt of fire misses you.
You block the fire elemental's attack.
Unknown command.
You slice the tengu warrior!!
The tengu warrior looks as sick as possible!
You kick the tengu warrior.
The tengu warrior is moderately wounded.
Your corrupting presence corrodes the tengu warrior!
Azrael hits you with a +2 scimitar of flaming!
* * * LOW HITPOINT WARNING * * *
Azrael burns you.
* * * LOW HITPOINT WARNING * * *
The fire elemental is struck by your spines.
The fire elemental completely misses you.
The tengu warrior is engulfed in blazing flames.
You block the tengu warrior's attack.
The tengu warrior pecks you but does no damage.
The tengu warrior misses you.
You slice the tengu warrior!!
The tengu warrior looks as sick as possible!
Your kick misses the tengu warrior.
The tengu warrior is almost dead.
The fire elemental is no longer distracted by gold.
The fire elemental is struck by your spines.
The fire elemental misses you. You block the fire elemental's attack.
Azrael gestures at you.
The sticky flame hits you but does no damage.
You are covered in liquid flames!
The tengu warrior is engulfed in blazing flames.
You kill the tengu warrior!
You are covered in liquid flames!
* * * LOW HITPOINT WARNING * * *
The fire elemental hits you. The fire elemental burns you!
* * * LOW HITPOINT WARNING * * *
The fire elemental is struck by your spines.
The fire elemental barely misses you. Azrael gestures at you.
The bolt of fire hits you!!
You die...
Your body crumbles into a pile of gold.

.......# .......#
....... .......# .......
...^...##+#######.......
........................
.........#..............
$
........................
..............°○E☼......
...............○@§......
..=......#.....RE§......
.........####.##........
.........## #.###.......
..........###.# ##.....
≈....<....#...# #....
.....>....##.## ....
≈.........#..## ...
.....##.......#


You could see Azrael and 2 fire elementals.

Vanquished Creatures
  Saint Roka (Orc:2)
  Frances (D:14)
  Donald (Orc:1)
  An ice dragon (Lair:5)
  Harold (D:8)
  2 vault guards (D:13)
  8 hydras
  7 boulder beetles
  5 centaur warriors
  4 two-headed ogres
  3 tengu warriors
  Sonja (Lair:5)
  The ghost of Jeffwins the Stinger, a novice HuWn of Vehumet (D:7)
  A fire crab (Volcano)
  9 skeletal warriors
  A deep elf knight (D:14)
  A skyshark (Lair:3)
  A goliath frog (Lair:5)
  A deep troll (D:14)
  3 lindwurms
  2 bog bodies (Lair:2)
  7 orc knights
  A necromancer (Lair:2)
  2 deep elf pyromancers
  A deep elf zephyrmancer (D:13)
  A cyclops (D:14)
  An orc sorcerer (Orc:1)
  5 manticores
  7 black mambas
  21 elephants
  Joseph (D:7)
  A torpor snail (Lair:2)
  2 gargoyles
  22 cane toads
  2 molten gargoyles (Volcano)
  6 rime drakes
  Maggie (D:7)
  11 komodo dragons
  An efreet (D:14)
  A tengu conjurer (D:13)
  A meliai (Lair:3)
  2 polar bears
  4 trolls
  3 tyrant leeches (Lair:5)
  A hornet (D:10)
  A wolf spider simulacrum (D:14)
  6 dream sheep (Lair:3)
  24 blink frogs
  A centaur simulacrum (D:14)
  6 slime creatures
  7 wyverns
  A vampire (D:12)
  59 yaks
  6 basilisks
  10 humans
  6 fire bats (Volcano)
  9 vampire mosquitoes
  A steam dragon (Volcano)
  4 acid dragons
  14 water moccasins
  6 wargs
  5 hell hounds
  A black bear (shapeshifter) (D:13)
  40 orc warriors
  2 ice beasts (D:8)
  6 ogres
  2 black bears
  6 wolves
  A phantom (D:4)
  16 centaurs
  A kobold brigand (D:6)
  5 gnoll sergeants
  12 bullfrogs
  3 scorpions
  12 wights
  8 killer bees
  4 electric eels
  3 howler monkeys
  3 lava snakes (Volcano)
  13 orc priests
  6 hounds (D:8)
  A gnoll bouda (D:7)
  Crazy Yiuf (D:2)
  6 jellies
  A sleepcap (D:6)
  18 orc wizards
  4 yak simulacra (Lair:2)
  4 polar bear simulacra (Lair:2)
  Robin (D:3)
  7 adders
  27 gnolls
  3 shadow imps
  6 white imps
  An ufetubus (D:5)
  3 dart slugs
  92 orcs
  A bat (D:1)
  9 endoplasms
  5 giant cockroaches
  12 goblins
  6 hobgoblins
  4 jackals (D:3)
  12 kobolds
  2 quokkas
  12 ball pythons
  A frilled lizard (D:3)
  6 rats
  3 river rat simulacra (Lair:2)
718 creatures vanquished.

Vanquished Creatures (others)
  16 fungi
  73 plants
89 creatures vanquished.

Grand Total: 807 creatures vanquished

Notes
Turn   | Place    | Note
-------+----------+-------------------------------------------
     0 | D:1      | mistaj the Demonspawn Gladiator began the quest for the
                  | Orb.
     0 | D:1      | Reached XP level 1. HP: 16/16 MP: 1/1
   184 | D:1      | Found Rerru's Weapon Shoppe.
   187 | D:1      | Reached skill level 3 in Long Blades
   187 | D:1      | Gained mutation: You have large cloven feet. [demonic
                  | ancestry]
   187 | D:1      | Reached XP level 2. HP: 23/23 MP: 2/2
   753 | D:2      | Found a runed translucent door.
   754 | D:2      | Noticed Crazy Yiuf
   845 | D:2      | Found a shimmering altar of Xom.
   861 | D:2      | Gained mutation: Your demonic aura sometimes causes spilled
                  | blood to erupt in flames. [demonic ancestry]
   861 | D:2      | Reached XP level 3. HP: 22/28 MP: 3/3
   924 | D:2      | HP: 1/29 [poisoned by an adder]
  1173 | D:2      | Found Saetipp's Book Emporium.
  1196 | D:2      | Found Owas's Book Emporium.
  1330 | D:2      | Found Kiunotsa's General Store.
  1361 | D:2      | Found a faded altar of an unknown god.
  1394 | D:2      | Gained mutation: You are partially covered in sharp spines.
                  | [demonic ancestry]
  1394 | D:2      | Reached XP level 4. HP: 35/35 MP: 4/4
  1486 | D:2      | Found Cebuxiuv's Antique Armour Shop.
  1495 | D:2      | Found Hodghagut's Weapon Shoppe.
  1835 | D:3      | Noticed Robin
  1857 | D:3      | Killed Robin
  1858 | D:3      | Reached skill level 4 in Long Blades
  2305 | D:3      | Gained mutation: You have hoof-like feet. [demonic
                  | ancestry]
  2305 | D:3      | Reached XP level 5. HP: 42/42 MP: 5/5
  2836 | D:4      | Noticed a phantom
  2857 | D:4      | Killed a phantom
  3049 | D:4      | Gained mutation: Your demonic aura often causes spilled
                  | blood to erupt in flames. [demonic ancestry]
  3049 | D:4      | Reached XP level 6. HP: 44/50 MP: 6/6
  3533 | D:5      | Entered Level 5 of the Dungeon
  3545 | D:5      | Noticed a yak
  3545 | D:5      | Noticed a yak
  3545 | D:5      | Noticed a yak
  3547 | D:5      | Noticed a yak
  3566 | D:4      | Killed a yak
  3567 | D:4      | Reached skill level 5 in Fighting
  3567 | D:4      | Reached skill level 5 in Long Blades
  3567 | D:4      | Reached skill level 1 in Shields
  3904 | D:5      | Gained mutation: You have hooves in place of feet. [demonic
                  | ancestry]
  3904 | D:5      | Reached XP level 7. HP: 22/56 MP: 7/7
  4127 | D:5      | Found a staircase to the Ecumenical Temple.
  4135 | Temple   | Entered the Ecumenical Temple
  4147 | Temple   | Became a worshipper of Gozag Ym Sagoz the Greedy
  4683 | D:5      | Killed a yak
  4698 | D:4      | Killed a yak
  4786 | D:5      | Killed a yak
  4787 | D:5      | Reached skill level 6 in Long Blades
  4787 | D:5      | Reached XP level 8. HP: 54/65 MP: 8/8
  4945 | D:5      | Found an ornate altar of the Wu Jian Council.
  5497 | D:6      | Reached skill level 7 in Long Blades
  5632 | D:6      | You fall into a shaft and drop 3 floors!
  5652 | D:9      | Gained mutation: You are surrounded by a mild repulsion
                  | field. (EV +2) [demonic ancestry]
  5652 | D:9      | Reached XP level 9. HP: 64/74 MP: 9/9
  5832 | D:7      | Reached skill level 8 in Long Blades
  6256 | D:7      | Found Zeoghu's CLEARANCE SALE!.
  6397 | D:7      | Found a radiant altar of Vehumet.
  6408 | D:7      | Found a hazy altar of Hepliaklqana.
  6526 | D:7      | Noticed Joseph
  6533 | D:7      | Noticed Maggie
  6538 | D:7      | Killed Joseph
  6543 | D:7      | Killed Maggie
  6544 | D:7      | Reached skill level 9 in Long Blades
  7449 | D:8      | Found a runed translucent gate.
  7449 | D:8      | Found a runed translucent gate.
  7449 | D:8      | Noticed Jeffwins's ghost (novice HuWn)
  7463 | D:8      | Identified the +6 plate armour of Context {Rampage rN++
                  | Str+4}
  7467 | D:8      | Found a runed translucent gate.
  7526 | D:8      | Found a snail-covered altar of Cheibriados.
  7528 | D:8      | Found an ancient bone altar of Kikubaaqudgha.
  7528 | D:8      | Found a blossoming altar of Fedhas.
  7753 | D:8      | Reached XP level 10. HP: 85/85 MP: 10/10
  7757 | D:8      | Reached skill level 10 in Fighting
  7787 | D:8      | Found a staircase to the Lair.
  7920 | D:8      | Reached skill level 10 in Long Blades
  7995 | D:8      | Identified the +2 pair of gloves of the Sky {Dex+3 Stlth+}
  8667 | D:2      | Bought the +8 triple sword "Gehesa" {venom, rElec rC+ Will-
                  | rCorr Str+3} for 1129 gold pieces
  8822 | D:2      | Killed Crazy Yiuf
  9157 | D:7      | Killed Jeffwins's ghost
  9267 | D:8      | Identified the +1 cloak of Fun and Games {Int+5 Dex+2}
  9401 | D:9      | Noticed Harold
  9427 | D:8      | Killed Harold
  9428 | D:8      | Reached skill level 11 in Long Blades
  9428 | D:8      | Gained mutation: Your demonic aura causes all spilled blood
                  | to erupt in flames. [demonic ancestry]
  9428 | D:8      | Reached XP level 11. HP: 88/93 MP: 11/11
  9698 | D:10     | Entered Level 10 of the Dungeon
  9749 | D:10     | Found a basalt altar of Yredelemnul.
  9843 | D:10     | Found a portal to a secret trove of treasure.
 10020 | Lair:1   | Entered Level 1 of the Lair of Beasts
 10324 | Lair:1   | Reached skill level 12 in Long Blades
 10530 | Lair:1   | Reached skill level 5 in Dodging
 10627 | Lair:1   | Identified the +0 chain mail "Maclutu" {rElec rF- SInv
                  | Stlth+}
 10881 | Lair:2   | Found a staircase to the Swamp.
 10884 | Lair:2   | Noticed a bog body
 10886 | Lair:2   | Noticed a bog body
 10892 | Lair:2   | Killed a bog body
 10894 | Lair:2   | Killed a bog body
 10977 | Lair:2   | Gained mutation: You are surrounded by a moderate repulsion
                  | field. (EV +3) [demonic ancestry]
 10977 | Lair:2   | Reached XP level 12. HP: 76/100 MP: 12/12
 11057 | Lair:2   | Identified the +0 scale mail of Midnight {rElec}
 11098 | Lair:2   | Reached skill level 13 in Long Blades
 11167 | Lair:2   | Noticed a boulder beetle
 11172 | Lair:2   | Killed a boulder beetle
 11216 | Lair:2   | Noticed a five-headed hydra
 11220 | Lair:2   | Killed a seven-headed hydra
 11354 | Lair:2   | Reached skill level 14 in Long Blades
 11421 | Lair:2   | Noticed a four-headed hydra
 11425 | Lair:2   | Killed a six-headed hydra
 11475 | Lair:2   | Identified the +3 battleaxe "Mismiug" {vamp, rF+ Will+
                  | Str+3}
 12037 | Lair:2   | Gained mutation: Your presence sometimes corrodes those you
                  | injure. [demonic ancestry]
 12037 | Lair:2   | Reached XP level 13. HP: 106/106 MP: 13/13
 12297 | Lair:3   | Identified the +4 scale mail of Shadows and Fog {rPois
                  | Regen+ Dex+3}
 12507 | Lair:3   | Found a hole to the Spider Nest.
 12535 | Lair:3   | Reached skill level 10 in Dodging
 13177 | Lair:4   | Reached skill level 15 in Long Blades
 13278 | Lair:4   | Found a staircase to the Slime Pits.
 13553 | Lair:4   | Found a runed translucent gate.
 13553 | Lair:4   | Found a runed translucent gate.
 13553 | Lair:4   | Found a runed translucent gate.
 13555 | Lair:4   | Noticed an acid blob
 13556 | Lair:4   | Noticed an acid blob
 13556 | Lair:4   | Noticed an acid blob
 13556 | Lair:4   | Noticed bigduke15's ghost (journeyman TeAE)
 13556 | Lair:4   | Noticed a quicksilver ooze
 13556 | Lair:4   | Noticed an acid blob
 13557 | Lair:4   | Noticed an azure jelly
 13562 | Lair:4   | Found a viscous altar of Jiyva.
 13704 | Lair:4   | Reached skill level 5 in Armour
 14468 | Lair:5   | Entered Level 5 of the Lair of Beasts
 14483 | Lair:5   | Noticed Sonja
 14494 | Lair:5   | Killed Sonja
 14747 | Lair:5   | Gained mutation: You are mostly covered in sharp spines.
                  | [demonic ancestry]
 14747 | Lair:5   | Reached XP level 14. HP: 103/113 MP: 14/14
 14788 | Lair:5   | Reached skill level 16 in Long Blades
 15109 | Lair:5   | Identified the ring of Nicibaol {Will+ Str+2}
 16332 | D:10     | Found a staircase to the Orcish Mines.
 16350 | Orc:1    | Entered Level 1 of the Orcish Mines
 16431 | Orc:2    | Entered Level 2 of the Orcish Mines
 16431 | Orc:2    | Noticed Donald
 16444 | Orc:1    | Killed Donald
 16679 | Orc:2    | Found a dark tunnel.
 16685 | Volcano  | Entered a volcano
 17010 | Volcano  | Found a radiant altar of Vehumet.
 17709 | Orc:2    | Noticed Saint Roka
 17711 | Orc:2    | Reached skill level 17 in Long Blades
 17723 | Orc:2    | Killed Saint Roka
 18149 | Orc:2    | Found a staircase to the Elven Halls.
 18364 | Orc:1    | Reached skill level 10 in Armour
 18603 | Orc:2    | Found Murar's General Store.
 18603 | Orc:2    | Found Etiled's Jewellery Shop.
 18605 | Orc:2    | Found Agin's Armour Boutique.
 18607 | Orc:2    | Found Desomoju's Assorted Antiques.
 18943 | D:10     | Found a sacrificial altar of Ru.
 19405 | Orc:2    | Bought a scroll of teleportation for 30 gold pieces
 19575 | D:2      | Bought a scroll of teleportation for 42 gold pieces
 19575 | D:2      | Bought a scroll of teleportation for 42 gold pieces
 19799 | D:11     | Reached XP level 15. HP: 76/118 MP: 15/15
 21138 | D:12     | Found Beet's Antique Armour Shoppe.
 21625 | D:13     | Identified the +1 chain mail of Gravitas {rPois}
 21829 | D:13     | Found a gate to the Vaults.
 21918 | D:13     | Found Syim's Distillery.
 21919 | D:13     | Found Riuth's Jewellery Shoppe.
 21919 | D:13     | Found Wegeh's Armour Shop.
 21979 | D:13     | Reached skill level 18 in Long Blades
 22217 | D:13     | Identified a scroll of acquirement
 22218 | D:13     | Acquired 725 gold pieces
 22568 | D:14     | Noticed Frances
 22801 | D:14     | Killed Frances
 23132 | D:14     | Noticed Azrael
 23150 | D:14     | Killed from afar by Azrael

Illustrated notes

Levels and vault maps discovered:
D:1:      zelgadis_glass_arrival_large, layout_basic, serial_shops,
          nicolae_shop_bloodbath_and_beyond
D:2:      layout_basic, serial_shops, nicolae_shop_stone, nicolae_shop_crystal,
          nicolae_lakefront_shop, shop, nicolae_shop_behind_doors, basic_altar,
          shapermc_ecumenical_altar_gd, chequers_serial_rivers_micro_d,
          st_stairs_12, serial_park_tiny_1, grunt_decor_cap, serial_park_tiny_1,
          hangedman_decor_growths, reono_crystal_passage, serial_bayou_pond_d,
          uniq_crazy_yiuf_cottage
D:3:      layout_basic, uniq_robin
D:4:      dreamdust_elfheim, layout_loops_ring
D:5:      layout_rooms, kennysheep_mini_moat, minmay_temple_entry_grid,
          sigmund_army
D:6:      layout_basic, minmay_liquid_box
D:7:      layout_basic, chequers_temple_overflow_statue_of_worship,
          nicolae_shop_clearance, uniq_maggie, uniq_joseph
D:8:      layout_loops_ring, grunt_temple_overflow_diamond, erik_lair_island,
          biasface_ghost_orc_armoury
D:9:      layout_basic, uniq_harold
D:10:     layout_gridville, mainiacjoe_overflow_concentric_impassable,
          mainiacjoe_overflow_paths, hiddenorc1_lemuel, enter_trove_2,
          minmay_crystal_room, kennysheep_small_circle
D:11:     layout_long_grid
D:12:     layout_loops_ring, serial_shops, shop, serial_rivers,
          chequers_serial_rivers_small_b, chequers_serial_rivers_micro_a,
          chequers_serial_rivers_large_a, chequers_serial_rivers_room_b,
          lemuel_old_faithful
D:13:     layout_cave_pools, ximxim_vaults_locker_room,
          eino_small_chamber_without_monster, nicolae_wooded_promenade
D:14:     layout_cave_pools, chequers_serial_rivers_small_a, serial_rivers,
          chequers_serial_rivers_large_b, chequers_serial_rivers_micro_d,
          chequers_serial_rivers_micro_d, chequers_serial_rivers_micro_b,
          minivault_25, hex_large, minivault_28, uniq_azrael, uniq_frances
Temple:   compressed_dpeg_circular_temple
Lair:1:   layout_chaotic_city, chequers_serial_rivers_micro_c
Lair:2:   nzn_winding_woodlands_medium [nzn_winding_woodlands_5x5_closed_star,
          nzn_winding_woodlands_5x15_parted,
          nzn_winding_woodlands_5x5_checkerboard,
          nzn_winding_woodlands_5x5_perimeter,
          nzn_winding_woodlands_center_pierced_h,
          nzn_winding_woodlands_5x5_three, nzn_winding_woodlands_hourglass,
          nzn_winding_woodlands_5x15_cabin,
          nzn_winding_woodlands_5x5_open_star], layout_regular_city,
          skrybe_swamp_entry_bodies, eino_house_with_fridge
Lair:3:   layout_long_grid, hellmonk_spider_entry_not_the_bees
Lair:4:   layout_cave_pods, nicolae_slime_entry_slimehenge,
          gammafunk_ghost_ooze, kennysheep_basilisk_garden
Lair:5:   minmay_lair_end_frog_pond, layout_regular_city,
          bobbens_ice_dragon_lair, uniq_sonja
Orc:1:    layout_caves
Orc:2:    st_orc_rangers, layout_caves, nicolae_volcano_entry_hallway,
          uniq_donald, uniq_saint_roka

Skill      XL: |  1  2  3  4  5  6  7  8  9 10 11 12 13 14 15 |
---------------+----------------------------------------------+-----
Long Blades    | 3 4 5 6 7 9 11 12 14 15 17 18 | 18.4
Fighting       | 3 4 5 6 7 9 11 13 | 13.0
Shields        | 2 3 4 |  4.0
Armour         | 3 4 6 10 | 10.4
Dodging        | 6 9 10 | 10.7
Throwing       | |  1.7

Action                     |  1- 3 |  4- 6 |  7- 9 | 10-12 | 13-15 || total
---------------------------+-------+-------+-------+-------+-------++-------
  Melee: Long sword        |    78 |   103 |   184 |    57 |       ||   422
         Kick              |     9 |    24 |    74 |    97 |   225 ||   429
         Punch             |     1 |       |       |       |       ||     1
         Triple sword      |       |       |       |   185 |   688 ||   873
  Throw: Throwing net      |       |       |       |       |     1 ||     1
    Use: Scroll            |       |       |    16 |     7 |    10 ||    33
         Potion            |       |       |       |       |     1 ||     1
   Stab: Sleeping          |     1 |       |       |       |       ||     1
         Distracted        |       |       |       |     5 |    10 ||    15
 Armour: Leather armour    |    25 |       |       |       |       ||    25
         Ring mail         |     4 |    33 |    12 |       |       ||    49
         Chain mail        |       |       |    17 |       |       ||    17
         Plate armour      |       |       |     9 |   152 |   315 ||   476
  Dodge: Dodged            |    60 |    50 |    27 |    97 |   475 ||   709
  Block: Kite shield       |       |     9 |   108 |    48 |       ||   165
         Reflection        |       |     1 |     5 |     2 |    22 ||    30
         Other             |       |       |       |    39 |   137 ||   176

Table legend: (Time is in decaauts)
 A = Elapsed time spent in this place.
 B = Non-inter-level travel time spent in this place.
 C = Inter-level travel time spent in this place.
 D = Time resting spent in this place.
 E = Time spent auto-exploring this place.
 F = Levels seen in this place.
 G = Mean time per level.
                   A        B        C        D        E       F      G
               +--------+--------+--------+--------+--------+-----+--------+
         Total |  23361 |  21568 |   1793 |   4366 |  11081 |  23 | 1015.7 |
       Dungeon |  14572 |  13142 |   1430 |   2958 |   6811 |  14 | 1040.9 |
        Temple |     23 |     13 |     10 |      0 |      0 |   1 |   23.0 |
          Lair |   6175 |   5948 |    227 |    890 |   3441 |   5 | 1235.0 |
  Orcish Mines |   1876 |   1751 |    125 |    370 |    557 |   2 |  938.0 |
       Volcano |    714 |    714 |      0 |    148 |    272 |   1 |  714.0 |
               +--------+--------+--------+--------+--------+-----+--------+

Top non-repeatable levels by time:
  Lair:5: 1560 daAuts
  Lair:2: 1539 daAuts
     D:7: 1537 daAuts
  Lair:4: 1461 daAuts
     D:8: 1458 daAuts
     D:4: 1438 daAuts
   Orc:2: 1316 daAuts
    D:13: 1258 daAuts
     D:5: 1239 daAuts
     D:2: 1197 daAuts
    D:10: 1022 daAuts
     D:3: 922 daAuts
    D:12: 860 daAuts
    D:11: 859 daAuts
  Lair:3: 841 daAuts
